 Dungeon Crawl Stone Soup version 0.18.1-8-gdd0e5ea (webtiles) character file.

5938 thrashmonkey the Fighter (level 10, -2/93 HPs)
             Began as a Minotaur Fighter on June 12, 2016.
             Was a High Priest of Okawaru.
             Slain by an orc warrior
             ... wielding a +0 halberd of protection
              (14 damage)
             ... on level 9 of the Dungeon.
             The game lasted 00:23:19 (8324 turns).

thrashmonkey the Fighter (Minotaur Fighter)         Turns: 8324, Time: 00:23:20

Health: -2/93      AC: 15    Str: 24    XL:     10   Next: 54%
Magic:  19/20      EV: 12    Int:  5    God:    Okawaru [*****.]
Gold:   545        SH: 14    Dex: 10    Spells: 0 memorised, 9 levels left

rFire  . . .     SeeInvis .     d - +4 flail (crush)
rCold  . . .     Gourm    .     l - +0 chain mail
rNeg   + . .     Faith    +     c - +0 shield
rPois  .         Spirit   .     (helmet restricted)
rElec  .         Dismiss  .     (no cloak)
rCorr  .         Reflect  .     (no gloves)
SustAt .         Harm     .     i - +0 pair of boots
MR     .....                    I - amulet of faith
Stlth  ..........               O - ring of magical power
                                Q - ring of positive energy

@: heroism, not resistant to hostile enchantments, extremely unstealthy
A: retaliatory headbutt, horns 2
a: Heroism, Finesse, Renounce Religion


You were on level 9 of the Dungeon.
You worshipped Okawaru.
Okawaru was extremely pleased with you.
You were not hungry.

You visited 2 branches of the dungeon, and saw 10 of its levels.

You collected 605 gold pieces.
You spent 60 gold pieces at shops.

Inventory:

Hand Weapons
 d - a +4 flail of crushing (weapon)
 D - a +3 flail
Armour
 c - a +0 shield (worn)
 i - a +0 pair of boots (worn)
 l - a +0 chain mail (worn)
Jewellery
 q - an uncursed amulet of the gourmand
 t - an uncursed ring of protection from fire
 E - an uncursed amulet of dismissal {unknown}
 I - an amulet of faith (around neck)
 M - a +3 ring of intelligence
 O - a ring of magical power (right hand)
 Q - a ring of positive energy (left hand)
 R - an uncursed ring of wizardry {unknown}
Wands
 y - a wand of confusion (20/48)
 J - a wand of flame (21/48)
 P - a wand of paralysis (10/24)
Scrolls
 a - a scroll of noise {unknown}
 b - 7 scrolls of identify
 e - 5 scrolls of teleportation
 g - a scroll of immolation {unknown}
 h - 2 scrolls of recharging {unknown}
 j - 8 scrolls of remove curse
 n - a scroll of blinking {unknown}
 s - a scroll of magic mapping {unknown}
 u - 2 scrolls of random uselessness {unknown}
 w - a scroll of amnesia {unknown}
 x - a scroll of torment {unknown}
 G - a scroll of fog {unknown}
 K - a scroll of enchant armour {unknown}
Potions
 k - 2 potions of cure mutation
 o - a potion of berserk rage {unknown}
 z - a potion of heal wounds {unknown}
 A - a potion of mutation {unknown}
 F - 3 potions of lignification {unknown}
 H - a potion of haste {unknown}
 L - a potion of brilliance {unknown}
 N - a potion of flight {unknown}
Comestibles
 f - 9 bread rations
 m - 3 fruits
 p - 2 beef jerkies
 v - 2 meat rations
 B - 2 chunks of flesh
 C - 2 slices of pizza


   Skills:
 + Level 9.9(14.9) Fighting
 + Level 9.7(14.7) Maces & Flails
 + Level 9.7(14.7) Armour
 - Level 3.2(8.2) Dodging
 + Level 9.7(14.7) Shields
 - Level 2.7 Invocations


You had 9 spell levels left.
You didn't know any spells.

Dungeon Overview and Level Annotations

Branches:
Dungeon (9/15)             Temple (1/1) D:7            Lair (0/8) D:9
    Orc: D:9-12

Altars:
Ashenzari
Cheibriados
Dithmenos
Elyvilon
Fedhas
Gozag
Kikubaaqudgha
Makhleb
Nemelex Xobeh
Okawaru
Pakellas
Qazlal
Ru
Sif Muna
Trog
Vehumet
Xom
Yredelemnul
Zin
The Shining One

Shops:
D:6 %   D:8 [*:


Innate Abilities, Weirdness & Mutations

You reflexively headbutt those who attack you in melee.
You have a pair of horns on your head.


Message History

Drink which item? (? for menu, Esc to quit)
You feel better. Something hits you but does no damage.
The orc priest barely misses you.
You sock something! Okawaru is honoured by your kill.
You can now speed up your combat.
Reactivating autopickup.
You feel a bit more experienced.
The orc priest hits you but does no damage.
You sock the orc priest!
You kill the orc priest!
Okawaru accepts your kill. The orc warrior closely misses you.
The scorpion barely misses you.
You thump the scorpion! Your headbutt misses the scorpion.
The scorpion is almost dead.
You hit the scorpion.
You kill the scorpion!
Okawaru accepts your kill. The orc warrior barely misses you.
The orc warrior hits you with a halberd of protection!
You die...

#......)(..(
#......))...
#...........
#...........
#......%.... #
#........... ...
#...........
.....########...........
#ooo@.†..............
#.#######............
#...######### #...# #
#..... . #....... ..
#....#### # #....# #
.....# #


You could see an orc warrior, an orc wizard and an orc.

Vanquished Creatures
  An unseen horror (D:9)
  An elephant (D:9)
  A centaur zombie (D:8)
  Grinder (D:6)
  Sigmund (D:2)
  A wyvern (D:9)
  A yak (D:9)
  2 hippogriffs (D:8)
  Menkaure (D:5)
  Edmund (D:6)
  A phantom (D:6)
  2 ice beasts
  A sky beast (D:5)
  A black bear (D:6)
  7 ogres
  2 crocodiles (D:9)
  2 centaurs
  Blork the orc (D:6)
  5 giant frogs
  A gnoll sergeant (D:9)
  5 scorpions
  3 howler monkeys
  An electric eel (D:8)
  5 crimson imps
  A giant frog zombie (D:5)
  5 hounds
  A jelly (D:6)
  3 giant frog skeletons
  4 orc priests
  A gnoll shaman (D:6)
  5 orc wizards
  Terence (D:2)
  3 iguanas
  7 worker ants
  A hound zombie (D:7)
  A worker ant zombie (D:6)
  16 gnolls
  A howler monkey skeleton (D:6)
  10 adders
  2 shadow imps
  2 adder skeletons
  3 worms
  4 giant geckos
  22 orcs
  5 bats
  6 giant cockroaches
  7 goblins
  6 hobgoblins
  6 jackals
  2 quokkas
  A ball python (D:3)
  A giant gecko zombie (D:6)
  7 giant newts
  5 kobolds
  13 rats
200 creatures vanquished.

Vanquished Creatures (others)
  A giant gecko (D:8)
1 creature vanquished.

Grand Total: 201 creatures vanquished

Notes
Turn   | Place    | Note
--------------------------------------------------------------
     0 | D:1      | thrashmonkey the Minotaur Fighter began the quest for the Orb.
     0 | D:1      | Reached XP level 1. HP: 19/19 MP: 0/0
   177 | D:1      | Reached XP level 2. HP: 27/27 MP: 1/1
   529 | D:2      | Found a faded altar to an unknown god.
   588 | D:2      | Reached XP level 3. HP: 33/33 MP: 2/2
  1011 | D:2      | Found a shattered altar of Ashenzari.
  1150 | D:2      | Noticed Terence
  1160 | D:2      | Killed Terence
  1160 | D:2      | Reached XP level 4. HP: 12/40 MP: 3/3
  1179 | D:2      | Noticed Sigmund
  2204 | D:2      | Killed Sigmund
  2204 | D:2      | Reached skill level 1 in Dodging
  2204 | D:2      | Reached XP level 5. HP: 41/47 MP: 4/4
  2204 | D:2      | Reached XP level 6. HP: 47/55 MP: 5/5
  2392 | D:3      | Reached skill level 5 in Fighting
  2392 | D:3      | Reached skill level 5 in Shields
  2542 | D:3      | Reached skill level 5 in Armour
  2648 | D:4      | Reached skill level 5 in Maces & Flails
  2720 | D:4      | Reached XP level 7. HP: 61/61 MP: 6/6
  2979 | D:4      | Noticed a moth of wrath
  2982 | D:4      | Found a bloodstained altar of Trog.
  3587 | D:5      | Entered Level 5 of the Dungeon
  3834 | D:5      | Noticed Menkaure
  3837 | D:5      | Killed Menkaure
  3837 | D:5      | Reached XP level 8. HP: 56/70 MP: 7/7
  3967 | D:5      | Found a sacrificial altar of Ru.
  4333 | D:5      | You fall through a shaft for 2 floors!
  4355 | D:7      | Found a staircase to the Ecumenical Temple.
  4365 | Temple   | Entered the Ecumenical Temple
  4374 | Temple   | Became a worshipper of Warmaster Okawaru
  4585 | D:6      | Found Niguwih's Food Boutique.
  4911 | D:6      | Reached * piety under Okawaru
  4952 | D:6      | Got a heavily runed chain mail
  4991 | D:6      | Noticed Grinder
  4994 | D:6      | Paralysed by Grinder for 4 turns
  5009 | D:6      | Paralysed by Grinder for 4 turns
  5017 | D:6      | Killed Grinder
  5017 | D:6      | Reached XP level 9. HP: 42/80 MP: 8/8
  5217 | D:6      | Found a glowing golden altar of the Shining One.
  5382 | D:6      | Noticed Edmund
  5391 | D:6      | Killed Edmund
  5473 | D:6      | Reached ** piety under Okawaru
  5585 | D:6      | Reached skill level 1 in Invocations
  5630 | D:6      | Noticed Blork the orc
  5640 | D:6      | Killed Blork the orc
  5776 | D:7      | Found a basalt altar of Yredelemnul.
  5781 | D:7      | Found a glowing golden altar of the Shining One.
  5783 | D:7      | Noticed an angel
  6431 | D:8      | Found Vuck's General Store.
  6446 | D:8      | Bought a scroll of remove curse for 36 gold pieces
  6446 | D:8      | Bought a scroll of identify for 24 gold pieces
  6606 | D:8      | Found Nyluesur's Antique Armour Emporium.
  6821 | D:8      | Reached *** piety under Okawaru
  7073 | D:8      | Reached XP level 10. HP: 68/91 MP: 11/11
  7302 | D:8      | Found Tuch's Book Boutique.
  7537 | D:7      | Found a blossoming altar of Fedhas.
  7537 | D:7      | Found a sparkling altar of Nemelex Xobeh.
  7540 | D:7      | Found a shimmering altar of Xom.
  7860 | D:8      | Identified the +3 chain mail of the Armoured One {Str+2 Int+5 Dex-4} (You took it off an orc on level 6 of the Dungeon)
  8060 | D:9      | Noticed an elephant
  8073 | D:9      | Killed an elephant
  8073 | D:9      | Reached **** piety under Okawaru
  8221 | D:9      | Found a staircase to the Lair.
  8320 | D:9      | Killed an unseen horror
  8320 | D:9      | Reached ***** piety under Okawaru
  8324 | D:9      | Slain by an orc warrior

Skill      XL: |  1  2  3  4  5  6  7  8  9 10 |
---------------+-------------------------------+-----
Maces & Flails | 3 4 5 6 7 8 9 |  9.7
Fighting       | 4 5 6 7 9 |  9.9
Armour         | 4 5 6 7 8 9 |  9.7
Shields        | 4 5 6 7 8 9 |  9.7
Dodging        | 1 2 3 |  3.2
Invocations    | 2 |  2.7

Action                   |  1- 3 |  4- 6 |  7- 9 | 10-12 || total
-------------------------+-------+-------+-------+-------++-------
Melee: Flail             |    88 |    69 |   281 |   106 ||   544
       Headbutt          |    13 |    12 |    45 |    22 ||    92
Invok: Heroism           |       |       |       |     2 ||     2
Evoke: Wand              |       |       |     2 |       ||     2
  Use: Potion            |     1 |       |       |     3 ||     4
       Scroll            |       |       |       |     4 ||     4
  Eat: Chunk             |     1 |     5 |    14 |     4 ||    24
Armor: Scale mail        |    43 |       |       |       ||    43
       Chain mail        |       |    28 |    99 |    71 ||   198
Dodge: Dodged            |    22 |    19 |    71 |    38 ||   150
Block: Shield            |    45 |    30 |   115 |    75 ||   265
